 Dungeon Crawl Stone Soup version 0.18.1-50-g88ac8fd (webtiles) character file.

506 FastMan the Chopper (level 6, 16/58 HPs)
             Began as a Deep Dwarf Berserker on Mar 26, 2017.
             Was a Believer of Trog.
             Quit the game on level 7 of the Dungeon.
             The game lasted 00:07:12 (1243 turns).

FastMan the Chopper (Deep Dwarf Berserker)          Turns: 1243, Time: 00:07:13

Health: 16/58      AC:  5    Str: 20    XL:     6   Next: 97%
Magic:  6/6        EV: 13    Int:  8    God:    Trog [**....]
Gold:   142        SH:  0    Dex: 14    Spells: 0 memorised, 5 levels left

rFire  . . .     SeeInvis .     a - +0 hand axe
rCold  . . .     Gourm    .     h - +0 ring mail
rNeg   . . .     Faith    .     (no shield)
rPois  +         Spirit   .     (no helmet)
rElec  .         Dismiss  .     (no cloak)
rCorr  .         Reflect  .     (no gloves)
SustAt .         Harm     .     (no boots)
MR     .....                    (no amulet)
Stlth  +.........               (no ring)
                                g - ring of poison resistance

@: non-regenerating, not resistant to hostile enchantments, very unstealthy
A: damage resistance, recharge devices, sense surroundings 1, slow regeneration
3
a: Device Recharging, Berserk, Trog's Hand, Burn Spellbooks, Renounce Religion


You were on level 7 of the Dungeon.
You worshipped Trog.
Trog was pleased with you.
You were not hungry.

You visited 1 branch of the dungeon, and saw 7 of its levels.

You collected 142 gold pieces.

Inventory:

Hand Weapons
 a - a +0 hand axe (weapon)
Armour
 h - a +0 ring mail (worn)
Jewellery
 g - a ring of poison resistance (left hand)
Wands
 c - a wand of heal wounds (3/9)
Scrolls
 e - a scroll of fog {unknown}
 j - a scroll of identify {unknown}
 k - a scroll of immolation {unknown}
 n - 4 scrolls of teleportation
 o - a scroll of random uselessness {unknown}
 p - a scroll of amnesia {unknown}
 r - a scroll of noise {unknown}
 s - a scroll of enchant weapon {unknown}
Potions
 b - a potion of brilliance {unknown}
 i - a potion of degeneration {unknown}
 l - a potion of flight {unknown}
 m - a potion of curing {unknown}
Comestibles
 d - 3 bread rations
 f - 2 meat rations
 q - a slice of pizza


   Skills:
 + Level 4.4 Fighting
 + Level 5.4 Axes
 + Level 2.8 Armour
 + Level 5.2 Dodging
 - Level 1.0 Stealth


You had 5 spell levels left.
You didn't know any spells.

Dungeon Overview and Level Annotations

Branches:
Dungeon (7/15)             Temple (0/1) D:4

Altars:
Okawaru

Annotations:
D:5 Pikel


Innate Abilities, Weirdness & Mutations

You are resistant to damage.
You can recharge devices by infusing magical energy.
You passively map a small area around you.
You do not regenerate naturally.


Message History

The hound is lightly wounded.
The hound closely misses you.
You hit the hound.
The hound is moderately wounded.
The hound closely misses you. x2
You closely miss the hound.
The hound is moderately wounded.
The hound misses you.
You barely miss the hound.
The hound is moderately wounded.
The hound barely misses you. The hound bites you but does no damage.
You hit the hound.
The hound is severely wounded.
The hound misses you.
You hit the hound.
You kill the hound!
Trog accepts your kill.
Your Stealth skill increases to level 1!
Found a scroll labeled MYAJAMNOIDD.
Are you sure you want to abandon this character and quit the game? (Confirm with "yes".)

** .. * . , , , .
#. ** , #.#*.## * *
* * , ,.. .. , , ,
, #.#.########
#.....?.....
.#####@######### *
, .................
#.###.......#####,*
#....<..# * *
#.......# , * *
#.......# ** *
......#.....
############# * , ,
,, ,,,


There were no monsters in sight!

Vanquished Creatures
  Sigmund (D:2)
  A slave (D:6)
  An ice beast (D:6)
  A giant frog zombie (D:6)
  A hound (D:7)
  2 orc wizards
  A giant frog skeleton (D:4)
  An iguana (D:4)
  3 adders
  An ooze (D:3)
  2 adder skeletons (D:6)
  A dart slug (D:2)
  A worm (D:4)
  2 giant geckos
  12 orcs
  2 bats
  3 giant cockroaches
  2 goblins
  2 hobgoblins
  2 jackals (D:2)
  4 kobolds
  2 quokkas
  4 giant newts
  A quokka zombie (D:5)
  3 rats
56 creatures vanquished.

Notes
Turn   | Place    | Note
--------------------------------------------------------------
     0 | D:1      | FastMan the Deep Dwarf Berserker began the quest for the Orb.
     0 | D:1      | Reached XP level 1. HP: 20/20 MP: 1/1
   147 | D:2      | Found an iron altar of Okawaru.
   155 | D:2      | Reached XP level 2. HP: 24/27 MP: 2/2
   221 | D:2      | Noticed Sigmund
   239 | D:2      | Killed Sigmund
   239 | D:2      | Reached XP level 3. HP: 10/36 MP: 3/3
   239 | D:2      | Reached XP level 4. HP: 12/44 MP: 4/4
   239 | D:2      | Reached XP level 5. HP: 14/50 MP: 5/5
   264 | D:3      | Found a faded altar to an unknown god.
   328 | D:3      | Reached ** piety under Trog
   590 | D:4      | Reached XP level 6. HP: 45/57 MP: 6/6
   653 | D:4      | Found a staircase to the Ecumenical Temple.
   814 | D:5      | Entered Level 5 of the Dungeon
   840 | D:5      | Noticed a slave
   842 | D:5      | Noticed a slave
   842 | D:5      | Noticed a slave
   843 | D:5      | Noticed Pikel
   845 | D:5      | Noticed a slave
   849 | D:6      | Reached skill level 5 in Axes
   851 | D:6      | Killed a slave
   973 | D:6      | Noticed an ice beast
   979 | D:6      | Killed an ice beast
   979 | D:6      | Reached skill level 5 in Dodging
  1239 | D:7      | Reached skill level 1 in Stealth
  1243 | D:7      | Quit the game

Skill      XL: |  1  2  3  4  5  6 |
---------------+-------------------+-----
Fighting       | 3 4 |  4.4
Axes           | 4 5 |  5.4
Dodging        | 3 4 5 |  5.2
Stealth        | 1 |  1.0
Armour         | |  2.8

Action                   |  1- 3 |  4- 6 || total
-------------------------+-------+-------++-------
Melee: Hand axe          |    56 |   154 ||   210
Invok: Berserk           |     1 |     6 ||     7
       Trog's Hand       |       |     3 ||     3
       Burn Spellbooks   |       |     3 ||     3
Evoke: Wand              |       |     2 ||     2
  Use: Scroll            |       |     1 ||     1
  Eat: Chunk             |       |     9 ||     9
Armor: Animal skin       |    10 |     8 ||    18
       Ring mail         |       |    21 ||    21
Dodge: Dodged            |    35 |    96 ||   131
